 Dungeon Crawl Stone Soup version 0.28.0-45-g0d030f2227 (webtiles) character file.

Game seed: 15559536363158889238

57 Iusername the Covered (level 3, -10/33 HPs)
             Began as a Minotaur Fighter on Apr 4, 2022.
             Was a Follower of Okawaru.
             Killed by divine providence
             ... invoked by an orc priest
              (12 damage)
             ... on level 3 of the Dungeon on Apr 5, 2022.
             The game lasted 00:10:09 (2579 turns).

Iusername the Covered (Minotaur Fighter)            Turns: 2579, Time: 00:10:10

Health: -10/33     AC:  7    Str: 20    XL:     3   Next: 73%
Magic:  11/11      EV:  9    Int:  5    God:    Okawaru [*.....]
Gold:   66         SH:  4    Dex: 11    Spells: 2/2 levels left

rFire   + + +      SeeInvis .   a - +0 long sword
rCold   . . .      Faith    .   c - +0 buckler
rNeg    . . .      Spirit   .   b - +0 scale mail
rPois   .          Reflect  .   (helmet restricted)
rElec   +          Harm     .   (no cloak)
rCorr   .          Rampage  .   (no gloves)
Will    .....                   (no boots)
Stlth   ..........              k - amulet of Wedymn {Acrobat *Slow rElec rF+++ MP+9}
HPRegen 0.11/turn               (no ring)
MPRegen 0.12/turn               (no ring)

@: mighty
A: horns 2, retaliatory headbutt
a: Renounce Religion, Heroism


You were on level 3 of the Dungeon.
You worshipped Okawaru.
Okawaru was aware of your devotion.
You visited 1 branch of the dungeon, and saw 3 of its levels.

You collected 66 gold pieces.

Inventory:

Hand Weapons
 a - a +0 long sword (weapon)
Missiles
 f - 5 poisoned darts (quivered)
Armour
 b - a +0 scale mail (worn)
 c - a +0 buckler (worn)
Jewellery
 k - the amulet of Wedymn (around neck) {Acrobat *Slow rElec rF+++ MP+9}
   (You found it on level 2 of the Dungeon)

   [amulet of the acrobat]

   It increases your evasion while moving and waiting.
   rF:        It renders you almost immune to fire.
   rElec:     It insulates you from electricity.
   MP:        It affects your magic capacity (+9).
   *Slow:     It may slow you when you take damage.
 l - an amulet of reflection
Scrolls
 e - 2 scrolls of identify {unknown}
 g - a scroll of noise {unknown}
 m - 2 scrolls of enchant armour {unknown}
Potions
 h - a potion of berserk rage {unknown}
 i - 2 potions of haste {unknown}
 j - 2 potions of curing {unknown}


   Skills:
 + Level 3.9 Fighting
 + Level 3.1 Long Blades
 + Level 4.6 Armour
 + Level 0.6 Dodging
 + Level 4.1 Shields


You had 2 spell levels left.
You didn't know any spells.
Your spell library was empty.

Dungeon Overview and Level Annotations

Branches:
Dungeon (3/15)

Altars:
Okawaru


Innate Abilities, Weirdness & Mutations

You have a pair of horns on your head.
You reflexively headbutt those who attack you in melee.


Message History

Press ? for a list of commands and other information.
You feel very mighty all of a sudden.
The orc wizard points at you and mumbles some strange words.
You are confused.
The orc hits you but does no damage. The orc priest barely misses you.
You closely miss the orc. You headbutt the orc.
The orc is severely wounded.
The orc wizard closely misses you. The orc hits you with a +0 whip.
The orc priest closely misses you.
You bump into the rock wall.
The orc wizard hits you but does no damage.
The orc hits you with a +0 whip.
* * * LOW HITPOINT WARNING * * *
The orc priest looks satisfied for a moment.
You miss the orc. Your headbutt misses the orc.
The orc is severely wounded.
The orc wizard barely misses you. The orc hits you but does no damage.
The orc priest hits you but does no damage.
The orc wizard barely misses you. The orc misses you.
You bump into the rock wall.
The orc priest hits you with a +0 mace.
* * * LOW HITPOINT WARNING * * *
The orc wizard barely misses you. The orc hits you but does no damage.
You closely miss the orc wizard. The orc priest closely misses you.
The orc wizard hits you but does no damage.
The orc hits you with a +0 whip.
* * * LOW HITPOINT WARNING * * *
The orc priest calls upon Beogh to heal the orc.
The orc's wounds heal themselves!
You slash the orc wizard! Your headbutt misses the orc wizard.
The orc wizard is heavily wounded.
You feel less confused.
The orc wizard mumbles some strange words.
The orc wizard flickers and vanishes!
Deactivating autopickup; reactivate with Ctrl-A.
The orc barely misses you. You furiously retaliate!
You headbutt the orc!
You kill the orc!
Okawaru accepts your kill.
The orc priest invokes the aid of Beogh against you.
Beogh smites you!
You die...

##.......##
#.........#
+.........+ ..
#.........# .#
#.......# .#
#.....# .# #{oo# .#
#@# .# #.# ###.#
####.#### #†<.#
#.......# #.###
#.#...#.# #.#
#.......# #.#
##.#...#.# #(#
####.....##.#####.#
..................#


You could see an orc priest and an orc.

Vanquished Creatures
  An adder (D:2)
  A dart slug (D:2)
  2 orcs (D:3)
  2 ball pythons
  6 endoplasms
  2 giant cockroaches
  5 goblins
  2 hobgoblins (D:1)
  4 jackals
  4 quokkas
  3 bats (D:1)
  3 frilled lizards
  5 kobolds
  2 rats
42 creatures vanquished.

Vanquished Creatures (others)
  2 fungi (D:1)
  3 plants (D:1)
5 creatures vanquished.

Grand Total: 47 creatures vanquished

Notes
Turn   | Place    | Note
-------+----------+-------------------------------------------
     0 | D:1      | Iusername the Minotaur Fighter began the quest for the Orb.
     0 | D:1      | Reached XP level 1. HP: 19/19 MP: 0/0
   343 | D:1      | Reached XP level 2. HP: 27/27 MP: 1/1
  1314 | D:1      | Found a faded altar of an unknown god.
  1321 | D:1      | Prayed at the altar of an unknown god.
  1321 | D:1      | Became a worshipper of Warmaster Okawaru
  1321 | D:1      | Reached * piety under Okawaru
  1475 | D:2      | Reached XP level 3. HP: 22/33 MP: 2/2
  1484 | D:2      | Identified the amulet of Wedymn {Acrobat *Slow rElec rF+++
                  | MP+9}
  2579 | D:3      | Killed from afar by an orc priest

Illustrated notes

Levels and vault maps discovered:
D:1:      grunt_arrival_crossed_arrows, layout_loops_ring,
          dreamdust_ecumenical_altar_hidden_monk_grotto
D:2:      layout_basic, corexii_shack, corner_web_ring, minmay_liquid_box
D:3:      layout_loops_corners, overflow_temple_1_default

Skill      XL: |  1  2  3 |
---------------+----------+-----
Shields        | 4 |  4.1
Armour         | 4 |  4.6
Long Blades    | 3 |  3.1
Fighting       | |  3.9
Dodging        | |  0.6

Action                   || total
-------------------------++-------
Melee: Long sword        ||   111
       Headbutt          ||    18
  Use: Potion            ||     1
Armor: Scale mail        ||    49
Dodge: Dodged            ||    69
Block: Buckler           ||    34
